Kradschützen Motorcycle Team
Selects Panzerjäger Kommand Battlegroup
Selects Blockade Equipment
Selects GrB 39 Grenade Launcher Requisition
Construct Light Support Kompanie
Construct Mechanized Kompanie
Selects Defensive Positions
Marder III Tank Destroyer
18-tonne Recovery Half-track
Selects Crew Shock Tactics
Selects Butterfly Bomb Drop
Construct Panzerarmee Kommand
Walking Stuka Rocket Launcher
Selects Elefant Tank Destroyer